 Dungeon Crawl Stone Soup version 0.29.1-15-g9cfb28693d (webtiles) character file.

Game seed: 11983649951455602785

44 javelincjr the Magician (level 3, -1/25 HPs)
             Began as a Demonspawn Hedge Wizard on Mar 29, 2023.
             Slain by Sigmund
             ... wielding a +0 scythe
              (5 damage)
             ... on level 2 of the Dungeon on Mar 30, 2023.
             The game lasted 00:06:25 (2672 turns).

javelincjr the Magician (Demonspawn Hedge Wizard)   Turns: 2672, Time: 00:06:26

Health: -1/25      AC:  2    Str: 12    XL:     3   Next: 41%
Magic:  3/7        EV: 12    Int: 15    God:
Gold:   108        SH:  0    Dex: 12    Spells: 3/8 levels left

rFire   . . .      SeeInvis .   a - +0 dagger
rCold   . . .      Faith    .   (no shield)
rNeg    . . .      Spirit   .   b - +0 robe
rPois   .          Reflect  .   c - +0 hat
rElec   .          Harm     .   (no cloak)
rCorr   .          Rampage  .   (no gloves)
Will    .....                   (no boots)
Stlth   ++........              (no amulet)
HPRegen 0.08/turn               (no ring)
MPRegen 0.10/turn               (no ring)

@: no status effects
A: foul stench 1
a: no special abilities


You were on level 2 of the Dungeon.
You visited 1 branch of the dungeon, and saw 2 of its levels.

You collected 108 gold pieces.

Inventory:

Hand Weapons
 a - a +0 dagger (weapon)
Armour
 b - a +0 robe (worn)
 c - a +0 hat (worn)
Jewellery
 l - a ring of fire
Scrolls
 e - a scroll of blinking {unknown}
 g - 3 scrolls of noise {unknown}
 i - a scroll of summoning {unknown}
 j - a scroll of identify {unknown}
 o - a scroll of teleportation {unknown}
Potions
 d - a potion of magic
 f - a potion of heal wounds
 h - a potion of mutation {unknown}
 k - a potion of might {unknown}
 m - a potion of ambrosia {unknown}
 n - 2 potions of haste {unknown}


   Skills:
 * Level 0.6 Fighting
 + Level 0.2 Armour
 + Level 2.1 Dodging
 - Level 2.1 Stealth
 * Level 3.2 Spellcasting
 + Level 1.5 Conjurations
 + Level 1.3 Summonings
 + Level 1.1 Translocations


You had 3 spell levels left.
You knew the following spells:

 Your Spells              Type           Power      Damage    Failure   Level
a - Magic Dart            Conj           28%        1d4       11%         1
b - Call Imp              Summ           6%         N/A       17%         2
c - Blink                 Tloc           12%        N/A       19%         2

Your spell library contained the following spells:

 Spells                   Type           Power      Damage    Failure   Level
 Sandblast                Erth           4%         2d4       21%         1
 Slow                     Hex            8%         N/A       21%         1
 Passwall                 Tmut/Erth      1%         N/A       30%         2
 Conjure Flame            Conj/Fire      4%         6-21      38%         3
 Stone Arrow              Conj/Erth      8%         3d7       38%         3
 Mephitic Cloud           Conj/Pois/Air  4%         N/A       43%         3


Dungeon Overview and Level Annotations

Branches:
Dungeon (2/15)

Altars:

Annotations:
D:2 Sigmund


Innate Abilities, Weirdness & Mutations

You may rarely emit foul miasma when damaged in melee.


Message History

Aiming: Magic Dart (safe; 11% risk of failure)
Press: ? - help, Shift-Dir - straight line, f/p - Sigmund
Aim: Sigmund, wielding a +0 scythe, wearing a +0 robe and wearing an amulet of regeneration (heavily wounded, ally target, 100% to hit)
The magic dart hits Sigmund.
Sigmund is heavily wounded.
Sigmund hits you with a +0 scythe.
Your shadow imp hits Sigmund.
Casting: Magic Dart (safe; 11% risk of failure)
Confirm with . or Enter, or press ? or * to list all spells.
Aiming: Magic Dart (safe; 11% risk of failure)
Press: ? - help, Shift-Dir - straight line, f/p - Sigmund
Aim: Sigmund, wielding a +0 scythe, wearing a +0 robe and wearing an amulet of regeneration (severely wounded, ally target, 100% to hit)
The magic dart hits Sigmund but does no damage.
Sigmund is severely wounded.
Your shadow imp barely misses Sigmund.
Casting: Magic Dart (safe; 11% risk of failure)
Confirm with . or Enter, or press ? or * to list all spells.
Aiming: Magic Dart (safe; 11% risk of failure)
Press: ? - help, Shift-Dir - straight line, f/p - Sigmund
Aim: Sigmund, wielding a +0 scythe, wearing a +0 robe and wearing an amulet of regeneration (severely wounded, ally target, 100% to hit)
The magic dart hits Sigmund but does no damage.
Sigmund is severely wounded.
Sigmund hits you with a +0 scythe.
* * * LOW HITPOINT WARNING * * *
Your shadow imp barely misses Sigmund.
You hit Sigmund but do no damage.
Sigmund is severely wounded.
Sigmund completely misses you.
Your shadow imp hits Sigmund.
You hit Sigmund.
Sigmund is almost dead.
Your shadow imp closely misses Sigmund.
You barely miss Sigmund.
Sigmund is almost dead.
Sigmund mumbles some strange words.
Sigmund flickers and vanishes!
Deactivating autopickup; reactivate with Ctrl-A.
You hit something but do no damage.
You hear some strange, mumbled words.
Something tries to affect you, but you resist.
You miss something. Something hits you.
You die...

#.##### #.# #.# ..# #.#
### #... ##.## #.. ..
#...# #.# .) ######.#.#
#.# .#
##...##.#.######.###.##@.
#.###...#...5{...........
#.# #.######@###..##..##
#.###...#....# #..# #
##...##.#.#### #..#
##.###.#.# #..# #.# #...#
#..# #.# ##.## #..# #.#
#.# #..# ..# #.# #.# #..#
...
##.####.#######..###.##


You could see a friendly shadow imp (summoned).

Vanquished Creatures
  An adder (D:2)
  6 ball pythons
  6 endoplasms
  5 giant cockroaches
  2 goblins (D:2)
  3 hobgoblins (D:1)
  2 kobolds (D:1)
  A quokka (D:1)
  2 bats (D:1)
  2 frilled lizards (D:1)
  A rat (D:2)
31 creatures vanquished.

Vanquished Creatures (others)
  4 plants (D:2)
4 creatures vanquished.

Grand Total: 35 creatures vanquished

Notes
Turn   | Place    | Note
-------+----------+-------------------------------------------
     0 | D:1      | javelincjr the Demonspawn Hedge Wizard began the quest for
                  | the Orb.
     0 | D:1      | Reached XP level 1. HP: 13/13 MP: 4/4
   210 | D:1      | Reached skill level 1 in Translocations
   335 | D:1      | Gained mutation: You may rarely emit foul miasma when
                  | damaged in melee. [demonic ancestry]
   335 | D:1      | Reached XP level 2. HP: 19/19 MP: 3/6
  1668 | D:2      | Reached XP level 3. HP: 24/24 MP: 4/7
  1907 | D:2      | Noticed Sigmund
  1912 | D:2      | Learned a level 2 spell: Call Imp
  1915 | D:2      | Learned a level 2 spell: Blink
  2672 | D:2      | Slain by Sigmund

Illustrated notes

Levels and vault maps discovered:
D:1:      ebering_hopf_link, layout_basic
D:2:      minmay_wonky_spiral, layout_loops_ring,
          hellmonk_ecumenical_altar_watching_god, kennysheep_nondescript,
          minmay_misc_feat_square, hangedman_decor_points,
          guppyfry_early_lair_pool, uniq_natasha, uniq_sigmund

Skill      XL: |  1  2 |
---------------+-------+-----
Translocations | 1 |  1.1
Dodging        | 2 |  2.1
Stealth        | 2 |  2.1
Fighting       | |  0.6
Armour         | |  0.2
Spellcasting   | |  3.2
Conjurations   | |  1.5
Summonings     | |  1.3

Action                   || total
-------------------------++-------
Melee: Dagger            ||    27
 Cast: Magic Dart        ||    87
       Call Imp          ||     3
  Use: Potion            ||     1
Armor: Robe              ||     3
Dodge: Dodged            ||    19
